 Dungeon Crawl Stone Soup version 0.29.1-15-g9cfb28693d (webtiles) character file.

Game seed: 17674470319548197864

19 booth the Chopper (level 2, -3/22 HPs)
             Began as a Demonspawn Gladiator on Apr 24, 2023.
             Was a Follower of Wu Jian.
             Succumbed to a kobold's poison
             ... on level 1 of the Dungeon.
             The game lasted 00:02:56 (497 turns).

booth the Chopper (Demonspawn Gladiator)             Turns: 497, Time: 00:02:56

Health: -3/22      AC:  4    Str: 14    XL:     2   Next: 55%
Magic:  2/2        EV: 12    Int:  9    God:    Wu Jian [*.....]
Gold:   60         SH:  0    Dex: 14    Spells: 1/1 levels left

rFire   . . .      SeeInvis .   a - +0 war axe
rCold   . . .      Faith    .   (no shield)
rNeg    . . .      Spirit   .   b - +0 leather armour
rPois   .          Reflect  .   c - +0 helmet
rElec   .          Harm     .   (no cloak)
rCorr   .          Rampage  .   (no gloves)
Will    .....                   (no boots)
Stlth   +.........              (no amulet)
HPRegen 0.07/turn               (no ring)
MPRegen 0.08/turn               (no ring)

@: lethally poisoned (-3 -> -16)
A: foul stench 1
a: Renounce Religion


You were on level 1 of the Dungeon.
You worshipped Wu Jian.
Wu Jian was aware of your devotion.
You visited 1 branch of the dungeon, and saw 1 of its levels.

You collected 60 gold pieces.

Inventory:

Hand Weapons
 a - a +0 war axe (weapon)
Missiles
 d - 3 throwing nets (quivered)
 e - a javelin
Armour
 b - a +0 leather armour (worn)
 c - a +0 helmet (worn)
Scrolls
 f - 2 scrolls of torment {unknown}
 g - a scroll of amnesia {unknown}
 h - a scroll of teleportation {unknown}
 k - a scroll of identify {unknown}
Potions
 i - 2 potions of resistance {unknown}
 j - 2 potions of curing {unknown}


   Skills:
 + Level 2.3 Fighting
 + Level 2.9 Axes
 + Level 2.1 Throwing
 + Level 2.9 Dodging


You had one spell level left.
You didn't know any spells.
Your spell library was empty.

Dungeon Overview and Level Annotations

Branches:
Dungeon (1/15)

Altars:
Wu Jian


Innate Abilities, Weirdness & Mutations

You may rarely emit foul miasma when damaged in melee.


Message History

You kill the hobgoblin!
The Council accepts your kill.
You slash the goblin!
You kill the goblin!
The Council accepts your kill.
Things that are here:
a +0 dagger; a goblin corpse; a hobgoblin corpse A frilled lizard comes into view.
You spin and attack the frilled lizard.
The helpless frilled lizard fails to defend itself.
You hit the frilled lizard.
You kill the frilled lizard!
The Council accepts your kill.
A kobold comes into view. It is wielding a +0 short sword.
The kobold shouts!
You lunge at the kobold.
You slash the kobold!
You kill the kobold!
The Council accepts your kill.
A kobold comes into view. It is wielding a +2 dagger of venom.
You see here a +0 short sword.
The kobold shouts!
You lunge at the kobold, but your attack speed is too slow for a blow to land.
A quokka comes into view.
The kobold hits you with a +2 dagger of venom.
You are poisoned.
You see here a +0 short sword.
You barely miss the kobold.
You feel very sick.
The kobold hits you with a +2 dagger of venom.
You are lethally poisoned!
The kobold attacks as you move away! The kobold barely misses you.
* * * LOW HITPOINT WARNING * * *
You feel very sick.
You hit the kobold.
You kill the kobold!
The Council accepts your kill.
* * * LOW HITPOINT WARNING * * *
You feel very sick.
You closely miss the quokka.
You die...

# #..# #.
# #..##.
# ..
..... #.
####..#
#.
##.....#
###.#
##....>.#
...
....##..#
#.# ###.#
# #r# #.#
#@# #.#
#.# #.#
#.# #.#
#.# #.#
#.# #.#
#.####
#.#
#....#
##.#
####.#
#..# #.
#.#


You could see a quokka.

Vanquished Creatures
  A bat (D:1)
  A giant cockroach (D:1)
  3 goblins (D:1)
  2 hobgoblins (D:1)
  2 jackals (D:1)
  3 kobolds (D:1)
  2 quokkas (D:1)
  A frilled lizard (D:1)
  A rat (D:1)
16 creatures vanquished.

Notes
Turn   | Place    | Note
-------+----------+-------------------------------------------
     0 | D:1      | booth the Demonspawn Gladiator began the quest for the Orb.
     0 | D:1      | Reached XP level 1. HP: 16/16 MP: 1/1
   287 | D:1      | Gained mutation: You may rarely emit foul miasma when
                  | damaged in melee. [demonic ancestry]
   287 | D:1      | Reached XP level 2. HP: 22/22 MP: 2/2
   399 | D:1      | Found a faded altar of an unknown god.
   404 | D:1      | Prayed at the altar of an unknown god.
   404 | D:1      | Became a worshipper of the Wu Jian Council
   404 | D:1      | Reached * piety under Wu Jian
   496 | D:1      | HP: 1/22 [poisoned by a kobold]
   497 | D:1      | Succumbed to a kobold's poison

Illustrated notes

Levels and vault maps discovered:
D:1:      heliophobic_arrival_enchanted_forest, layout_loops_ring,
          ebering_ecumenical_altar_mist, serial_shops, nicolae_diamond_shop

Skill      XL: |  1 |
---------------+----+-----
Throwing       | 2 |  2.1
Fighting       | |  2.3
Axes           | |  2.9
Dodging        | |  2.9

Action                   || total
-------------------------++-------
Melee: War axe           ||    37
       Punch             ||     1
Invok: Lunge             ||     1
       Whirlwind         ||     1
 Stab: Sleeping          ||     2
Armor: Leather armour    ||    10
Dodge: Dodged            ||    23
